 Dungeon Crawl Stone Soup version 0.28-a0-695-gff09746 (webtiles) character file.

Game seed: 9989943047044744458

4 Nithhogg the Skirmisher (level 1, -2/20 HPs)
             Began as a Hill Orc Fighter on Oct 22, 2021.
             Slain by a gnoll (3 damage)
             ... on level 1 of the Dungeon.
             The game lasted 00:00:25 (392 turns).

Nithhogg the Skirmisher (Hill Orc Fighter)           Turns: 392, Time: 00:00:26

Health: -2/20      AC:  6    Str: 18    XL:     1   Next: 60%
Magic:  1/1        EV:  9    Int:  8    God:
Gold:   0          SH:  0    Dex: 10    Spells: 0/0 levels left

rFire   . . .      SeeInvis .   a - +0 war axe
rCold   . . .      Faith    .   (no shield)
rNeg    . . .      Spirit   .   b - +0 scale mail
rPois   .          Reflect  .   (no helmet)
rElec   .          Harm     .   (no cloak)
rCorr   .          Rampage  .   (no gloves)
Will    .....                   (no boots)
Stlth   ..........              (no amulet)
HPRegen 0.06/turn               (no ring)
MPRegen 0.07/turn               (no ring)

@: no status effects
A: no striking features
a: no special abilities


You were on level 1 of the Dungeon.
You visited 1 branch of the dungeon, and saw 1 of its levels.

Inventory:

Hand Weapons
 a - a +0 war axe (weapon)
Armour
 b - a +0 scale mail (worn)
 c - a +0 buckler
Potions
 d - a potion of might


   Skills:
 + Level 3.8 Fighting
 + Level 3.0 Axes
 - Level 3.2 Armour
 - Level 3.2 Shields


You couldn't memorise any spells.
You didn't know any spells.
Your spell library was empty.

Dungeon Overview and Level Annotations

Branches:
Dungeon (1/15)

Altars:


Message History

No target in view!
No target in view!
You enter the shallow water.
Moving in this stuff is going to be slow.
You open the gate.
There is an open gate here.
You enter the shallow water.
Moving in this stuff is going to be slow.
You enter the shallow water.
Moving in this stuff is going to be slow.
You enter the shallow water.
Moving in this stuff is going to be slow.
A kobold comes into view. It is wielding a +0 short sword.
The kobold shouts!
The kobold throws a stone.
The stone closely misses you.
A gnoll comes into view. It is wielding a +0 spear.
The kobold throws a stone.
The stone hits you but does no damage.
The gnoll shouts!
The kobold throws a stone.
The stone completely misses you.
The kobold hits you with a +0 short sword.
You closely miss the kobold.
The gnoll hits you from afar with a +0 spear.
The kobold hits you with a +0 short sword.
You are too injured to fight recklessly!
You are too injured to fight recklessly!
You are too injured to fight recklessly!
You are too injured to fight recklessly!
You are too injured to fight recklessly!
You are too injured to fight recklessly!
You closely miss the kobold. The gnoll hits you but does no damage.
The kobold hits you with a +0 short sword.
The gnoll hits you but does no damage.
There are monsters nearby!
You slash the kobold!
You kill the kobold!
The gnoll hits you from afar with a +0 spear.
* * * LOW HITPOINT WARNING * * *
Your Axes skill increases to level 3!
The gnoll hits you with a +0 spear.
You die...

#............
#.....≈..≈≈..
#..#≈#≈≈≈≈≈.#
#..#8≈#######
#.≈≈≈...._≈≈.
#..#≈#≈≈≈.... #.
#.≈≈.#≈.≈≈≈.≈
#...#######...≈≈..≈≈≈.≈
#....g@.......≈##≈..≈≈#
#.........##...≈##'''##
###.#####.##......≈..≈.
# #.##....##.....
#.##..|.##.#.##
#.#........#.#
.####.#.######.#.#
...........[......
.####.#....###.#.#


You could see a gnoll.

Vanquished Creatures
  A bat (D:1)
  A goblin (D:1)
  A kobold (D:1)
  A spectral kobold (D:1)
4 creatures vanquished.

Notes
Turn   | Place    | Note
-------+----------+-------------------------------------------
     0 | D:1      | Nithhogg the Hill Orc Fighter began the quest for the Orb.
     0 | D:1      | Reached XP level 1. HP: 19/19 MP: 1/1
   341 | D:1      | Found a faded altar of an unknown god.
   391 | D:1      | HP: 1/20 [gnoll (6)]
   392 | D:1      | Slain by a gnoll

Illustrated notes

Levels and vault maps discovered:
D:1:      co_arrival_random_square_maze, layout_basic,
          dreamdust_ecumenical_altar_drowned_temple

Skill      XL: |  1 |
---------------+----+-----
Axes           | 3 |  3.0
Fighting       | |  3.8
Armour         | |  3.2
Shields        | |  3.2

Action                   || total
-------------------------++-------
Melee: War axe           ||    25
Armor: Scale mail        ||    10
Dodge: Dodged            ||    11

Table legend: (Time is in decaauts)
 A = Elapsed time spent in this place.
 B = Non-inter-level travel time spent in this place.
 C = Inter-level travel time spent in this place.
 D = Time resting spent in this place.
 E = Time spent auto-exploring this place.
 F = Levels seen in this place.
 G = Mean time per level.
                   A        B        C        D        E       F      G
               +--------+--------+--------+--------+--------+-----+--------+
         Total |    403 |    403 |      0 |      0 |    343 |   1 |  403.0 |
       Dungeon |    403 |    403 |      0 |      0 |    343 |   1 |  403.0 |
               +--------+--------+--------+--------+--------+-----+--------+

Top non-repeatable levels by time:
     D:1: 403 daAuts
